Map: Frozen Temple

Players

Kelazhur - Winner!

  • Race: Terran Terran

JonSnow

  • Race: Zerg Zerg
  • League: Grandmaster

Event: SpawningTool Invitational 1

VOD

https://www.youtube.com/watch?v=y051JGJX31k

Description

Time

  • Played on: May 30, 2016, 8:36 p.m.
  • Length: 6:48

All games in this series

Show
View Real Time Build Order
Export as new Build Order

Kelazhur Terran - Winner!

Build Orders:  

Get SALT Encoding   

  12  0:01  SCV  
  13  0:14  Supply Depot  
  13  0:19  SCV  
  14  0:36  Barracks  
  14  0:40  Refinery  
  14  0:56  Barracks  
  14  0:59  SCV  
  15  1:11  SCV  
  16  1:23  Reaper  
  16  1:24  Orbital Command  
  17  1:44  Reaper  
  17  1:45  Bunker  
  18  1:51  Refinery, SCV  
  19  2:00  Reaper  
  20  2:04  SCV  
  21  2:16  SCV  
  21  2:19  Reaper  
  21  2:21  Supply Depot  
  23  2:43  SCV  
  24  2:45  Barracks  
  24  2:47  Barracks  
  24  2:48  Reaper  
  25  2:51  Reaper  
  26  3:07  SCV  
  26  3:15  Supply Depot  
  25  3:20  Reaper  
  26  3:31  Reaper  
  27  3:35  Reaper x2  
  27  3:37  SCV  
  30  3:43  Supply Depot  
  30  3:49  SCV  
  30  3:52  Reaper  
  31  4:02  SCV  
  31  4:03  Reaper  
  31  4:07  Reaper  
  31  4:08  Reaper  
  34  4:14  SCV  
  35  4:24  Reaper  
  35  4:26  SCV  
  37  4:36  Reaper  
  38  4:40  Reaper x2  
  38  4:41  SCV  
  41  4:51  Supply Depot  
  41  4:53  Command Center  
  41  4:56  Reaper  
  41  4:57  Supply Depot  
  40  5:17  Reaper  
  40  5:18  Reaper, SCV  
  41  5:35  Reaper x2  
  41  5:36  SCV  
  43  5:50  Reaper x2  
  43  5:55  SCV  
  43  5:56  Command Center  
  45  6:07  Reaper  
  44  6:13  Reaper  
  45  6:24  SCV  
Show
View Real Time Build Order
Export as new Build Order

JonSnow Zerg 

Build Orders: Hatch First 

Get SALT Encoding   

  12  0:00  Drone  
  13  0:08  Drone  
  14  0:18  Overlord  
  14  0:27  Extractor  
  14  0:28  Drone  
  15  0:37  Drone x2  
  17  0:52  Hatchery  
  17  0:56  Drone  
  17  1:06  Drone  
  17  1:07  Extractor  
  17  1:15  Spawning Pool  
  17  1:18  Drone  
  17  1:27  Overlord  
  17  1:28  Drone  
  18  1:42  Drone  
  19  2:03  Zergling x2  
  19  2:04  Roach Warren, Zergling x2  
  19  2:07  Spine Crawler  
  19  2:11  Queen  
  17  2:44  Roach x3  
  20  3:01  Drone  
  21  3:11  Drone  
  21  3:12  Drone  
  23  3:15  Drone  
  24  3:21  Drone  
  25  3:28  Ravager  
  25  3:30  Drone  
  25  3:31  Drone  
  25  3:35  Roach  
  25  3:40  Roach  
  29  3:46  Roach  
  31  3:55  Drone x2  
  31  3:59  Roach  
  31  4:02  Drone x2  
  33  4:09  Drone x2  
  34  4:14  Ravager  
  35  4:21  Overlord  
  35  4:22  Overlord  
  34  4:35  Queen  
  36  4:42  Roach  
  36  4:43  Roach x2  
  42  4:48  Drone x2  
  46  4:53  Roach  
  46  5:05  Roach  
  46  5:06  Roach  
  46  5:15  Roach  
  48  5:22  Drone x4  
  52  5:32  Overlord  
  52  5:37  Overlord  
  52  5:39  Queen  
  50  5:44  Ravager  
  51  5:51  Roach  
  51  5:52  Roach x2  
  51  5:53  Queen  
  51  5:55  Drone x2  
  58  6:01  Roach  
  60  6:10  Roach  
  37  6:19  Roach  
  37  6:23  Overlord x2  
  39  6:27  Extractor  
Tags
 
Add a new tag
Caveats
  • Supply blocks, unpowered buildings, or Contaminate may cause inaccurate times.
  • Supply counts are checked every 10 seconds.